 Dungeon Crawl Stone Soup version 0.23.0 (webtiles) character file.

Game seed: 1328650976390716464

4727 wrhowe the Cleaver (level 10, -15/84 HPs)
             Began as a Minotaur Fighter on Feb 17, 2019.
             Was a High Priest of Okawaru.
             Killed from afar by Erica (28 damage)
             ... with an orb of energy
             ... on level 8 of the Dungeon on Feb 18, 2019.
             The game lasted 01:30:18 (8307 turns).

wrhowe the Cleaver (Minotaur Fighter)               Turns: 8307, Time: 01:30:19

Health: -15/84     AC: 11    Str: 24    XL:     10   Next: 22%
Magic:  9/9        EV:  9    Int:  5    God:    Okawaru [*****.]
Gold:   356        SH: 11    Dex:  7    Spells: 9/9 levels left

rFire    . . .     SeeInvis .   a - +1 war axe
rCold    + . .     Gourm    .   c - +1 shield
rNeg     . . .     Faith    .   H - +0 chain mail
rPois    +         Spirit   .   v - +1 hat
rElec    .         Reflect  .   (no cloak)
rCorr    .         Harm     .   (no gloves)
MR       .....     NoTele   +   (no boots)
Stlth    ..........             (no amulet)
HPRegen  0.24/turn              j - ring of protection from cold
MPRegen  0.11/turn              x - ring "Lehoil" {-Tele +Inv +Fly rPois Dex-3}

@: lethally poisoned (-15 -> -21)
A: retaliatory headbutt, horns 2
a: Heroism, Finesse, Renounce Religion, Evoke Invisibility, Evoke Flight


You were on level 8 of the Dungeon.
You worshipped Okawaru.
Okawaru was extremely pleased with you.
You were not hungry.

You visited 2 branches of the dungeon, and saw 9 of its levels.
You also visited: Ossuary.

You collected 356 gold pieces.

Inventory:

Hand Weapons
 a - a +1 war axe (weapon)
 o - a +1 trident of venom
 s - a +5 mace
 E - a +0 trident of flaming
 K - a +0 shortbow of velocity
Missiles
 h - 104 arrows
 l - 5 tomahawks of returning (quivered)
 n - 8 needles of confusion
 t - 6 javelins
 u - 31 bolts
 I - 2 exploding tomahawks
 N - 4 tomahawks
Armour
 c - a +1 shield (worn)
 v - a +1 hat (worn)
 H - a +0 chain mail (worn)
Jewellery
 j - a ring of protection from cold (left hand)
 x - the ring "Lehoil" (right hand) {-Tele +Inv +Fly rPois Dex-3}
   (You found it on level 4 of the Dungeon)

   [ring of flight]

   It affects your dexterity (-3).
   It protects you from poison.
   It lets you turn invisible.
   It lets you fly.
   It prevents most forms of teleportation.
 J - a cursed ring of attention {unknown}
 M - a +4 ring of intelligence {unknown}
Wands
 O - a wand of flame (21)
 P - a wand of iceblast (10)
Scrolls
 b - 3 scrolls of identify
 m - 2 scrolls of fog
 w - 4 scrolls of immolation {unknown}
 y - 2 scrolls of enchant weapon
 A - 2 scrolls of amnesia {unknown}
 B - 2 scrolls of enchant armour
 F - 3 scrolls of teleportation
 G - 4 scrolls of magic mapping
 L - 2 scrolls of remove curse
Potions
 d - 3 potions of might
 e - a potion of brilliance {unknown}
 g - a potion of ambrosia {unknown}
 i - 2 potions of heal wounds
 k - a potion of haste {unknown}
 p - 5 potions of agility {unknown}
 q - a potion of lignification {unknown}
 r - 2 potions of mutation {unknown}
 z - 2 potions of curing {unknown}
 C - a potion of degeneration {unknown}
 D - a potion of invisibility {unknown}
Comestibles
 f - 15 rations


   Skills:
 + Level 6.4 Fighting
 * Level 12.5 Axes
 + Level 1.5 Bows
 + Level 7.2 Armour
 * Level 6.2 Dodging
 + Level 7.3 Shields


You had 9 spell levels left.
You didn't know any spells.
Your spell library contained the following spells:

 Spells                   Type           Power        Failure   Level  Hunger
 Animate Skeleton         Necr           N/A          100%        1    ##.....
 Pain                     Necr           #...         100%        1    ##.....
 Regeneration             Chrm/Necr      #.........   100%        3    ####...
 Vampiric Draining        Necr           #.........   100%        3    ####...
 Animate Dead             Necr           N/A          100%        4    #####..


Dungeon Overview and Level Annotations

Branches:
Dungeon (8/15)             Temple (1/1) D:4            Lair (0/6) D:8

Altars:
Ashenzari
Cheibriados
Dithmenos
Elyvilon
Fedhas
Gozag
Hepliaklqana
Kikubaaqudgha
Makhleb
Nemelex Xobeh
Okawaru
Qazlal
Ru
Sif Muna
Trog
Uskayaw
Vehumet
Wu Jian
Xom
Yredelemnul
Zin
The Shining One

Annotations:
D:5 3 runed translucent doors, Smashy's ghost, amateur MfIE; greatdavid's ghost, novice GnSk; luxidream's ghost, amateur TrWr; sparklingmilk's ghost, novice FoFi
D:8 Erica


Innate Abilities, Weirdness & Mutations

You reflexively headbutt those who attack you in melee.
You have a pair of horns on your head.


Message History

A bolt of poison appears from out of thin air!
The bolt of poison hits you.
You are poisoned.
You resist.
You feel sick. Something hits you but does no damage.
You can move again.
You hit something but do no damage. Your headbutt misses something.
You feel sick. You block something's attack.
You miss something. Your headbutt misses something.
You feel sick.
Unknown command.
You slash something! Your headbutt misses something.
You feel sick. Something hits you!
* * * LOW HITPOINT WARNING * * *
Something burns you.
* * * LOW HITPOINT WARNING * * *
You slice something!! Your headbutt misses something.
You feel sick.
You hear some strange, mumbled words.
An orb of energy appears from out of thin air!
The orb of energy hits you!!
You die...

#....# #.#... ###### #....#
#.#... ########....# #....#
#.#...
.......#....###....####.#...
..p.........................
###...[..##......###.####
#######.######......# #...
..........####......# #####
####....#.{@........+
#[......#####......#
#.....#.@ ....#.###
#...###..# ###.#.# .....
.... #.#.# ##### ##..# ..#+#
..#


There were no monsters in sight!

Vanquished Creatures
  Pikel (D:7)
  Psyche (D:7)
  Grum (D:8)
  2 wargs
  Menkaure (Ossuary)
  A sky beast (D:4)
  A black bear (D:8)
  A phantom (D:4)
  An orc warrior (D:8)
  3 wolves (D:8)
  3 ice beasts
  2 ogres (D:5)
  4 centaurs
  2 big kobolds (D:7)
  5 bullfrogs
  3 howler monkeys (D:6)
  A jelly (D:8)
  5 wights (D:4)
  3 crimson imps
  A quasit (D:5)
  A bullfrog zombie (D:8)
  3 hounds
  6 orc priests
  5 orc wizards
  7 worker ants
  A bullfrog skeleton (D:5)
  Terence (D:3)
  Natasha (D:2)
  An iguana (D:4)
  A hound zombie (D:5)
  2 hound skeletons
  3 mummies (Ossuary)
  A worker ant zombie (D:7)
  10 gnolls
  12 adders
  2 shadow imps
  3 oozes
  An adder zombie (D:5)
  4 dart slugs
  2 leopard geckos (D:3)
  23 orcs
  A ball python (D:3)
  10 bats
  7 giant cockroaches
  6 goblins
  3 hobgoblins
  11 jackals
  13 kobolds
  2 quokkas
  12 frilled lizards
  4 gnoll skeletons (Ossuary)
  6 gnoll zombies (Ossuary)
  A goblin skeleton (Ossuary)
  4 goblin zombies (Ossuary)
  2 hobgoblin skeletons (Ossuary)
  3 hobgoblin zombies (Ossuary)
  A jackal skeleton (D:4)
  A jackal zombie (D:8)
  5 kobold skeletons (Ossuary)
  4 kobold zombies (Ossuary)
  7 orc skeletons (Ossuary)
  An orc zombie (Ossuary)
  10 rats
  3 rat skeletons (Ossuary)
  6 rat zombies (Ossuary)
  A spectral orc (D:3)
256 creatures vanquished.

Vanquished Creatures (others)
  A hound (D:8)
  A goblin zombie (Ossuary)
  A hobgoblin skeleton (Ossuary)
  2 orc skeletons (Ossuary)
  2 plants
7 creatures vanquished.

Grand Total: 263 creatures vanquished

Notes
Turn   | Place    | Note
-------+----------+-------------------------------------------
     0 | D:1      | wrhowe the Minotaur Fighter began the quest for the Orb.
     0 | D:1      | Reached XP level 1. HP: 19/19 MP: 0/0
   138 | D:1      | Reached XP level 2. HP: 27/27 MP: 1/1
   250 | D:1      | Reached skill level 3 in Axes
   252 | D:1      | Reached skill level 1 in Dodging
   328 | D:1      | Reached XP level 3. HP: 33/33 MP: 2/2
   780 | D:2      | Found an ancient bone altar of Kikubaaqudgha.
   780 | D:2      | Found an iron altar of Okawaru.
   823 | D:2      | Became a worshipper of Warmaster Okawaru
   983 | D:2      | Reached XP level 4. HP: 40/40 MP: 3/3
  1049 | D:2      | Reached skill level 4 in Axes
  1265 | D:2      | Noticed Natasha
  1277 | D:2      | Killed Natasha
  1452 | D:2      | Reached XP level 5. HP: 43/46 MP: 4/4
  1545 | D:3      | Noticed Terence
  1559 | D:3      | Killed Terence
  1621 | D:3      | Noticed a centaur
  1631 | D:3      | Killed a centaur
  1631 | D:3      | Reached * piety under Okawaru
  1631 | D:3      | Reached skill level 5 in Axes
  1933 | D:3      | Found a basalt altar of Yredelemnul.
  1939 | D:3      | Reached XP level 6. HP: 52/52 MP: 5/5
  2369 | D:4      | Found a staircase to the Ecumenical Temple.
  2384 | D:4      | Reached skill level 6 in Axes
  2479 | D:4      | Got a warped bronze ring
  2503 | D:4      | Found a sand-covered staircase.
  2512 | Ossuary  | Entered an ossuary
  2755 | Ossuary  | Noticed Menkaure
  2758 | Ossuary  | Reached XP level 7. HP: 60/60 MP: 6/6
  2764 | Ossuary  | Killed Menkaure
  2764 | Ossuary  | Reached skill level 7 in Axes
  3012 | D:4      | Reached ** piety under Okawaru
  3094 | D:4      | Identified the ring "Lehoil" {-Tele +Inv +Fly rPois Dex-3}
                  | (You found it on level 4 of the Dungeon)
  3158 | D:4      | Reached skill level 5 in Armour
  3168 | D:4      | Reached skill level 8 in Axes
  3434 | D:4      | Reached skill level 5 in Shields
  3523 | D:4      | Got a fine scale mail
  3542 | D:4      | Identified the cursed +1 scale mail "Tuegat" {rElec Dex-3
                  | Stlth+} (You found it on level 4 of the Dungeon)
  3674 | D:4      | Reached XP level 8. HP: 60/67 MP: 7/7
  3791 | Temple   | Entered the Ecumenical Temple
  3988 | D:5      | Entered Level 5 of the Dungeon
  4031 | D:4      | Reached skill level 9 in Axes
  4208 | D:5      | Reached skill level 5 in Fighting
  4608 | D:5      | Found a runed translucent gate.
  4609 | D:5      | Found a runed translucent gate.
  4610 | D:5      | Found a runed translucent gate.
  4611 | D:5      | Noticed Smashy's ghost (amateur MfIE)
  4611 | D:5      | Noticed luxidream's ghost (amateur TrWr)
  4612 | D:5      | Noticed greatdavid's ghost (novice GnSk)
  4612 | D:5      | Noticed sparklingmilk's ghost (novice FoFi)
  4863 | D:5      | Reached skill level 10 in Axes
  5124 | D:5      | Reached *** piety under Okawaru
  5266 | D:6      | Found a shimmering altar of Xom.
  5616 | D:6      | Reached XP level 9. HP: 71/74 MP: 8/8
  6908 | D:7      | Reached skill level 1 in Bows
  6962 | D:7      | Reached skill level 11 in Axes
  6962 | D:7      | Reached skill level 5 in Dodging
  7123 | D:7      | Found a deep blue altar of Sif Muna.
  7389 | D:8      | Found a staircase to the Lair.
  7413 | D:8      | Reached **** piety under Okawaru
  7415 | D:8      | Noticed Psyche
  7421 | D:8      | Noticed Pikel
  7731 | D:7      | Killed Psyche
  7815 | D:7      | Killed Pikel
  7815 | D:7      | Received a gift from Okawaru
  7815 | D:7      | Reached skill level 12 in Axes
  7815 | D:7      | Reached XP level 10. HP: 77/83 MP: 9/9
  7943 | D:8      | Noticed Grum
  7945 | D:8      | Reached ***** piety under Okawaru
  7955 | D:8      | Killed Grum
  8280 | D:8      | Noticed Erica
  8300 | D:8      | Paralysed by something for 3 turns
  8307 | D:8      | Killed from afar by Erica

Skill      XL: |  1  2  3  4  5  6  7  8  9 10 |
---------------+-------------------------------+-----
Axes           | 3 4 5 6 8 10 12 | 12.5
Dodging        | 1 2 3 4 5 6 |  6.2
Armour         | 4 5 7 |  7.2
Shields        | 4 5 6 7 |  7.3
Fighting       | 4 5 6 |  6.4
Bows           | 1 |  1.5

Action                   |  1- 3 |  4- 6 |  7- 9 | 10-12 || total
-------------------------+-------+-------+-------+-------++-------
Melee: War axe           |    86 |   197 |   410 |    56 ||   749
       Headbutt          |    12 |    41 |    63 |     7 ||   123
 Fire: Shortbow          |       |       |    17 |       ||    17
  Use: Scroll            |     4 |     1 |     5 |       ||    10
       Potion            |       |       |     4 |       ||     4
  Eat: Chunk             |       |     2 |     3 |       ||     5
       Ration            |       |     2 |     4 |       ||     6
Armor: Scale mail        |    42 |    41 |    20 |       ||   103
       Chain mail        |       |       |   134 |     7 ||   141
Dodge: Dodged            |    27 |    46 |   103 |    18 ||   194
Block: Shield            |    35 |    81 |   228 |    23 ||   367
